 Dungeon Sprint DCSS version 0.28.0-53-g5a82cb258f (webtiles) character file.

Game seed: 4279665909098252246

303 Zeld the Thaumaturge (level 6, -9/32 HPs)
             Began as a Deep Elf Conjurer on May 31, 2022.
             Was a Follower of Sif Muna.
             Mangled by a queen bee (14 damage)
             ... in the Dungeon (Sprint IV: "Fedhas' Mad Dash").
             The game lasted 00:01:14 (1814 turns).

Zeld the Thaumaturge (Deep Elf Conjurer)            Turns: 1814, Time: 00:01:15

Health: -9/32      AC:  2    Str:  4    XL:     6   Next: 15%
Magic:  10/21      EV: 12    Int: 25    God:    Sif Muna [*.....]
Gold:   86         SH:  0    Dex: 13    Spells: 15/26 levels left

rFire   . . .      SeeInvis .   (no weapon)
rCold   . . .      Faith    .   (no shield)
rNeg    . . .      Spirit   .   a - +0 robe
rPois   .          Reflect  .   (no helmet)
rElec   .          Harm     .   (no cloak)
rCorr   .          Rampage  .   (no gloves)
Will    .....      NoTele   +   (no boots)
Stlth   +++.......              j - amulet of invisibility {+Inv}
HPRegen 0.10/turn               (no ring)
MPRegen 0.17/turn               (no ring)

@: lethally poisoned (-9 -> -13), channelling, very slightly contaminated
A: no striking features
a: Renounce Religion, Evoke Invisibility, Channel Magic


You were in the Dungeon.
You worshipped Sif Muna.
Sif Muna was aware of your devotion.
You visited 1 branch You collected 86 gold pieces.

Inventory:

Armour
 a - a +0 robe (worn)
Jewellery
 j - the amulet of invisibility (around neck) {+Inv}
   (You found it in the Dungeon)

   [amulet of nothing]

   +Inv:      It lets you turn invisible.
Scrolls
 g - a scroll of blinking
 h - 3 scrolls of immolation {unknown}
 i - a scroll of enchant armour {unknown}
Potions
 b - a potion of curing
 d - a potion of haste
 e - 2 potions of magic
 f - a potion of berserk rage


   Skills:
 - Level 2.4 Dodging
 + Level 6.8 Stealth
 * Level 10.9 Spellcasting
 * Level 9.7 Conjurations
 - Level 2.0 Hexes
 - Level 2.0 Translocations
 + Level 2.7 Invocations


You had 15 spell levels left.
You knew the following spells:

 Your Spells              Type           Power      Damage    Failure   Level
a - Magic Dart            Conj           100%       1d8       1%          1
b - Searing Ray           Conj           100%       2d8       1%          2
c - Fulminant Prism       Conj/Hex       21%        3d13      4%          4
d - Iskenderun's Mystic   Conj/Tloc      43%        2d10      4%          4

Your spell library contained the following spells:

 Spells                   Type           Power      Damage    Failure   Level
 Dazzling Flash           Conj/Hex       86%        N/A       1%          3


Dungeon Overview and Level Annotations

Branches:
Dungeon (1/1)

Altars:
Cheibriados
Dithmenos
Elyvilon
Gozag
Hepliaklqana
Kikubaaqudgha
Makhleb
Nemelex Xobeh
Okawaru
Qazlal
Ru
Sif Muna
Trog
Uskayaw
Vehumet
Wu Jian
Xom
Yredelemnul
Zin
The Shining One
Beogh
Jiyva
Lugonu


Message History

Your Invocations skill increases to level 2!
You have reached level 6!
Unknown command.
Okay, then.
Okay, then.
You fail to use your ability.
You are no longer locked in place.
The killer bee closely misses you.
You fail to use your ability.
You flicker back into view.
The queen bee buzzes angrily.
The killer bee misses you. The killer bee closely misses you.
Okay, then.
You fail to use your ability.
The killer bee stings you.
The queen bee calls on the killer bee to defend it!
The killer bee goes berserk!
The killer bee closely misses you.
Casting: Iskenderun's Mystic Blast (quite dangerous; 4% risk of failure)
Confirm with . or Enter, or press ? or * to list all spells.
The spell is quite dangerous to miscast (4% risk of failure)!
Continue anyway?
Okay, then.
Unknown command.
Unknown command.
You fail to use your ability.
The killer bee closely misses you. x2
The killer bee stings you!
Casting: Iskenderun's Mystic Blast (quite dangerous; 4% risk of failure)
Confirm with . or Enter, or press ? or * to list all spells.
The spell is quite dangerous to miscast (4% risk of failure)!
Continue anyway?
Okay, then.
Unknown command.
The killer bee stings you.
You are poisoned.
The killer bee poisons you! The killer bee misses you.
The queen bee stings you!
* * * LOW HITPOINT WARNING * * *
The killer bee barely misses you.
You feel much better.
You feel sick. The killer bee misses you. The killer bee stings you!
* * * LOW HITPOINT WARNING * * *
The queen bee stings you!
You die...

######################
#<...#.....#.....#.⌠._
#P...'.....'.#.(.'.._.
#PPPP#.....#.#...#..._
###############'##.._.
#...♣y.......'...#._._
#...y@.♣.....#...#####
#.....♣..♣..######
##+####+#####


You could see a queen bee and a killer bee (berserk).

Vanquished Creatures
  A scorpion (D)
  3 killer bees (D)
  3 oklob saplings (D)
  A river rat (D)
  A rat (D)
9 creatures vanquished.

Vanquished Creatures (others)
  A fulminant prism (D)
  2 fungi (D)
3 creatures vanquished.

Grand Total: 12 creatures vanquished

Notes
Turn   | Place    | Note
-------+----------+-------------------------------------------
     0 | D        | Zeld the Deep Elf Conjurer began the quest for the Orb.
     0 | D        | Reached XP level 1. HP: 10/10 MP: 6/6
    26 | D        | Reached skill level 4 in Spellcasting
    26 | D        | Reached skill level 5 in Conjurations
    26 | D        | Reached skill level 1 in Hexes
    26 | D        | Reached skill level 1 in Translocations
    26 | D        | Reached XP level 2. HP: 7/15 MP: 0/9
   119 | D        | Learned a level 2 spell: Searing Ray
   545 | D        | Noticed an oklob sapling
   548 | D        | Killed an oklob sapling
   549 | D        | Reached skill level 6 in Spellcasting
   549 | D        | Reached XP level 3. HP: 19/19 MP: 5/12
   701 | D        | Noticed a scorpion
   701 | D        | Found the amulet of invisibility {+Inv}
   705 | D        | Killed a scorpion
   706 | D        | Reached skill level 8 in Spellcasting
   706 | D        | Reached XP level 4. HP: 18/24 MP: 8/16
   720 | D        | Learned a level 4 spell: Fulminant Prism
   725 | D        | Learned a level 4 spell: Iskenderun's Mystic Blast
  1229 | D        | Found an opulent altar of Gozag.
  1229 | D        | Found a hazy altar of Hepliaklqana.
  1229 | D        | Found a burning altar of Makhleb.
  1229 | D        | Found a sparkling altar of Nemelex Xobeh.
  1229 | D        | Found a snail-covered altar of Cheibriados.
  1229 | D        | Found a sacrificial altar of Ru.
  1229 | D        | Found a shimmering blue altar of Sif Muna.
  1229 | D        | Found a shimmering altar of Xom.
  1229 | D        | Found a basalt altar of Yredelemnul.
  1234 | D        | Found a viscous altar of Jiyva.
  1234 | D        | Found a bloodstained altar of Trog.
  1234 | D        | Found an ornate altar of the Wu Jian Council.
  1235 | D        | Found an iron altar of Okawaru.
  1235 | D        | Found a shadowy altar of Dithmenos.
  1235 | D        | Found a glowing silver altar of Zin.
  1236 | D        | Found an ancient bone altar of Kikubaaqudgha.
  1236 | D        | Found a hide-covered altar of Uskayaw.
  1237 | D        | Found a stormy altar of Qazlal.
  1237 | D        | Found a glowing golden altar of the Shining One.
  1237 | D        | Found a white marble altar of Elyvilon.
  1238 | D        | Found a radiant altar of Vehumet.
  1238 | D        | Found a corrupted altar of Lugonu.
  1240 | D        | Became a worshipper of Sif Muna the Loreminder
  1249 | D        | Reached skill level 5 in Stealth
  1249 | D        | Reached skill level 9 in Spellcasting
  1249 | D        | Reached XP level 5. HP: 18/28 MP: 3/18
  1801 | D        | Noticed a queen bee
  1806 | D        | Reached * piety under Sif Muna
  1807 | D        | Reached skill level 10 in Spellcasting
  1807 | D        | Reached skill level 1 in Invocations
  1809 | D        | Reached XP level 6. HP: 32/32 MP: 3/21
  1814 | D        | Mangled by a queen bee

Illustrated notes

Levels and vault maps discovered:
D:        dungeon_sprint_fedhas [sprint_temple]

Skill      XL: |  1  2  3  4  5 |
---------------+----------------+-----
Spellcasting   | 4 6 8 9 10 | 10.9
Conjurations   | 5 6 7 8 9 |  9.7
Hexes          | 1 2 |  2.0
Translocations | 1 2 |  2.0
Stealth        | 4 5 6 |  6.8
Invocations    | 2 |  2.7
Dodging        | |  2.4

Action                   |  1- 3 |  4- 6 || total
-------------------------+-------+-------++-------
Melee: Unarmed           |    11 |       ||    11
 Cast: Magic Dart        |     9 |       ||     9
       Searing Ray       |     2 |     3 ||     5
       Fulminant Prism   |       |     1 ||     1
       Iskenderun's Myst |       |     3 ||     3
Invok: Channel Magic     |       |     1 ||     1
 Abil: Evoke Invisibilit |       |     3 ||     3
  Use: Potion            |       |     1 ||     1
Armor: Robe              |     2 |       ||     2
Dodge: Dodged            |    16 |    12 ||    28
